 Dungeon Crawl Stone Soup version 0.29-a0-334-gb41bcbb86e (webtiles) character file.

Game seed: 9153390701776248962

9 brightshaft the Sneak (level 2, 7/25 HPs)
             Began as a Minotaur Brigand on Apr 13, 2022.
             Got out of the dungeon alive.
             The game lasted 00:00:31 (93 turns).

brightshaft the Sneak (Minotaur Brigand)              Turns: 93, Time: 00:00:32

Health: 7/25       AC:  3    Str: 15    XL:     2   Next: 6%
Magic:  1/1        EV: 12    Int:  8    God:
Gold:   0          SH:  0    Dex: 11    Spells: 1/1 levels left

rFire   . . .      SeeInvis .   a - +2 dagger
rCold   . . .      Faith    .   (no shield)
rNeg    . . .      Spirit   .   b - +0 robe
rPois   .          Reflect  .   (helmet restricted)
rElec   .          Harm     .   c - +0 cloak
rCorr   .          Rampage  .   (no gloves)
Will    .....                   (no boots)
Stlth   ++........              (no amulet)
HPRegen 0.08/turn               (no ring)
MPRegen 0.07/turn               (no ring)

@: no status effects
A: horns 2, retaliatory headbutt
a: no special abilities


You escaped.
You visited 1 branch of the dungeon, and saw 1 of its levels.

Inventory:

Hand Weapons
 a - a +2 dagger (weapon)
Missiles
 d - 9 poisoned darts (quivered)
 e - 3 curare-tipped darts
Armour
 b - a +0 robe (worn)
 c - a +0 cloak (worn)


   Skills:
 + Level 2.7 Fighting
 + Level 2.4 Short Blades
 - Level 2.0 Throwing
 + Level 0.8 Armour
 + Level 1.5 Dodging
 - Level 3.2 Stealth


You had one spell level left.
You didn't know any spells.
Your spell library was empty.

Dungeon Overview and Level Annotations

Branches:
Dungeon (1/15)

Altars:


Innate Abilities, Weirdness & Mutations

You have a pair of horns on your head.
You reflexively headbutt those who attack you in melee.


Message History

* * * LOW HITPOINT WARNING * * *
You hit the kobold.
You kill the kobold!
A frilled lizard comes into view.
The rat bites you.
* * * LOW HITPOINT WARNING * * *
You hit the jackal. Your headbutt misses the jackal.
The jackal is lightly wounded.
The jackal closely misses you. The rat closely misses you.
You closely miss the jackal.
The jackal is lightly wounded.
The rat bites you but does no damage. The jackal closely misses you.
You hit the jackal. Your punch misses the jackal.
The jackal is severely wounded.
The jackal misses you. The jackal completely misses you.
You furiously retaliate!
You headbutt the jackal, but do no damage.
The jackal bites you.
* * * LOW HITPOINT WARNING * * *
You hit the jackal. You headbutt the jackal.
You kill the jackal!
The rat closely misses you. The jackal closely misses you.
You furiously retaliate!
You headbutt the jackal!
You kill the jackal!
You hit the frilled lizard.
You kill the frilled lizard!
The rat closely misses you. The rat misses you. You furiously retaliate!
You headbutt the rat!
You kill the rat!
You have reached level 2!
Items here: ) †††.
The goblin barely misses you.
You closely miss the goblin. Your headbutt misses the goblin.
The goblin barely misses you.
You closely miss the goblin. You headbutt the goblin.
You kill the goblin!
You see here a +0 dagger.
There is a staircase leading out of the dungeon here.
Are you sure you want to leave the Dungeon?
This will make you lose the game!
You have escaped!

##################?########
#..........................
#..........................
#...#####..###########..###
#...# #..# ###..### #...#
#..##### #.......
#...#####......#####.......
#..........................
#...#####.@........#.......
#...# #......###.####..##
#...# #......# #.# #..#
#...# ###...## #.# #..#
#...#######...####.# #..#
#................... ....
#................... ..
###################


There were no monsters in sight!

Vanquished Creatures
  An endoplasm (D:1)
  A goblin (D:1)
  3 jackals (D:1)
  A kobold (D:1)
  A frilled lizard (D:1)
  A rat (D:1)
8 creatures vanquished.

Notes
Turn   | Place    | Note
-------+----------+-------------------------------------------
     0 | D:1      | brightshaft the Minotaur Brigand began the quest for the
                  | Orb.
     0 | D:1      | Reached XP level 1. HP: 18/18 MP: 0/0
    69 | D:1      | Reached XP level 2. HP: 5/25 MP: 1/1
    93 | D:$      | Got out of the dungeon alive.

Illustrated notes

Levels and vault maps discovered:
D:1:      dpeg_arrival_boxes_within_box, layout_loops_ring,
          chequers_serial_rivers_marsh, chequers_garden

Action                   || total
-------------------------++-------
Melee: Dagger            ||    14
       Headbutt          ||     2
 Stab: Sleeping          ||     1
Armor: Robe              ||     2
Dodge: Dodged            ||    16

Table legend: (Time is in decaauts)
 A = Elapsed time spent in this place.
 B = Non-inter-level travel time spent in this place.
 C = Inter-level travel time spent in this place.
 D = Time resting spent in this place.
 E = Time spent auto-exploring this place.
 F = Levels seen in this place.
 G = Mean time per level.
                   A        B        C        D        E       F      G
               +--------+--------+--------+--------+--------+-----+--------+
         Total |     91 |     91 |      0 |      0 |     45 |   1 |   91.0 |
       Dungeon |     91 |     91 |      0 |      0 |     45 |   1 |   91.0 |
               +--------+--------+--------+--------+--------+-----+--------+

Top non-repeatable levels by time:
     D:1: 91 daAuts
